 Dungeon Crawl Stone Soup version 0.25-a0-156-g0c4bda3fdf (webtiles) character file.

Game seed: 9596502301968116481, levelgen mode: deterministic

546 Leeroy the Slasher (level 7, -9/55 HPs)
             Began as a Purple Draconian Skald on Nov 20, 2019.
             Was a Follower of Okawaru.
             Splashed by Pikel's acid (13 damage)
             ... on level 4 of the Dungeon.
             The game lasted 00:11:04 (5980 turns).

Leeroy the Slasher (Purple Draconian Skald)         Turns: 5980, Time: 00:11:05

Health: -9/55      AC: 10    Str: 13    XL:     7   Next: 6%
Magic:  7/10       EV: 11    Int: 14    God:    Okawaru [*.....]
Gold:   197        SH:  5    Dex: 12    Spells: 3/10 levels left

rFire    . . .     SeeInvis .   a - +0 falchion
rCold    . . .     Gourm    .   n - +2 buckler
rNeg     . . .     Faith    .   (armour unavailable)
rPois    .         Spirit   .   (helmet restricted)
rElec    .         Reflect  .   o - +1 cloak
rCorr    .         Harm     .   (no gloves)
MR       +....                  s - +1 pair of boots
Stlth    +.........             (no amulet)
HPRegen  0.18/turn              (no ring)
MPRegen  0.12/turn              (no ring)

@: no status effects
A: breathe power, unfitting armour, cold-blooded, AC +6
a: Breathe Dispelling Energy, Heroism, Renounce Religion


You were on level 4 of the Dungeon.
You worshipped Okawaru.
Okawaru was aware of your devotion.
You were hungry.

You visited 1 branch of the dungeon, and saw 5 of its levels.

You collected 197 gold pieces.

Inventory:

Hand Weapons
 a - a +0 falchion (weapon)
 e - a +1 dagger of venom
 k - a +0 war axe
 l - a +0 dagger
 p - a +2 hunting sling of freezing
Missiles
 b - 64 bolts
 f - 24 poisoned darts
 i - 123 stones
 u - 5 boomerangs (quivered)
Armour
 n - a +2 buckler (worn)
 o - a +1 cloak (worn)
 r - a scarf of cloud immunity
 s - a +1 pair of boots (worn)
Scrolls
 g - 2 scrolls of remove curse
 h - a scroll of fog
 m - a scroll of amnesia
 q - a scroll of noise {unknown}
Potions
 d - 4 potions of curing
 j - a potion of flight {unknown}
 v - a potion of magic {unknown}
Comestibles
 c - 4 rations


   Skills:
 - Level 2.1 Fighting
 + Level 7.8 Long Blades
 - Level 2.1 Dodging
 - Level 2.4 Spellcasting
 - Level 3.2 Charms


You had 3 spell levels left.
You knew the following spells:

 Your Spells              Type           Power        Failure   Level  Hunger
a - Infusion              Chrm           ##..         10%         1    #......
b - Spectral Weapon       Hex/Chrm       #.......     50%         3    ###....
c - Regeneration          Chrm/Necr      #.........   50%         3    ###....

Your spell library contained the following spells:

 Spells                   Type           Power        Failure   Level  Hunger
 Song of Slaying          Chrm           ##......     16%         2    ###....
 Shroud of Golubria       Chrm/Tloc      #.....       28%         2    ###....


Dungeon Overview and Level Annotations

Branches:
Dungeon (5/15)
 Temple: D:4-7

Altars:
Dithmenos
Elyvilon
Kikubaaqudgha
Okawaru
Yredelemnul
The Shining One

Annotations:
D:4 Pikel


Innate Abilities, Weirdness & Mutations

You can breathe bolts of dispelling energy.
Your rich purple scales are hard. (AC +6)
You cannot fit into any form of body armour.
You are cold-blooded and may be slowed by cold attacks.


Message History

Pikel is severely wounded.
Your spectral weapon barely misses Pikel.
Pikel zaps a wand.
The bolt of acid hits you.
You are splashed with acid!
You hit Pikel but do no damage. You tail-slap Pikel.
Pikel is almost dead.
Your spectral weapon barely misses Pikel.
Pikel zaps a wand.
The bolt of acid misses you.
You hit Pikel.
Pikel is almost dead.
Your spectral weapon hits Pikel but does no damage.
Pikel says, "Slavery isn't that bad."
Pikel hits you with a +1 whip of flaming.
Pikel burns you.
You hit Pikel.
Your tail-slap misses Pikel.
Pikel is almost dead.
Your spectral weapon hits Pikel but does no damage.
Pikel zaps a wand.
The bolt of acid hits you!!
* * * LOW HITPOINT WARNING * * *
You are splashed with acid!
You die...

.##..##..##..#######....#..#.....
###..######..#..........#..#.....
#...........#..........##.###.##
######......'...........#.###.##
#....#..##..#...........#.>.....
#....#..##..#######.....#.......
#....#..##...#....#.....######..
#....#####...#..(.#####......###
##..[.#..'....#.@K.....#......#..
......#..#...##....##..#......#..
......#..##..##....#####......'..
......#..##..##....#..........###
......#..##..##....#....####'#...
##<...#..)#........#....#....+...
.#....#...#........#....#....#...
.'....#...+..##....#....#........
##....#########....#....#.....###


You could see Pikel and a friendly spectral +0 falchion.

Vanquished Creatures
  An ice beast (D:4)
  A howler monkey (D:4)
  2 orc priests
  2 orc wizards (D:3)
  Natasha (thrice) (D:4)
  3 worker ants
  5 adders
  3 worms
  2 leopard geckos
  4 orcs (D:4)
  9 bats
  5 giant cockroaches
  9 goblins
  18 hobgoblins
  7 jackals
  12 kobolds
  3 ball pythons
  6 frilled lizards
  A quokka skeleton (D:5)
  6 rats
102 creatures vanquished.

Vanquished Creatures (others)
  An orc (D:3)
1 creature vanquished.

Grand Total: 103 creatures vanquished

Notes
Turn   | Place    | Note
-------+----------+-------------------------------------------
     0 | D:1      | Leeroy the Draconian Skald began the quest for the Orb.
     0 | D:1      | Reached XP level 1. HP: 17/17 MP: 3/3
   128 | D:1      | Reached XP level 2. HP: 12/24 MP: 5/5
   228 | D:1      | Reached skill level 3 in Long Blades
   289 | D:1      | HP: 1/24 [rat (2)]
   452 | D:2      | Reached XP level 3. HP: 15/29 MP: 6/6
   930 | D:2      | Reached skill level 4 in Long Blades
  1356 | D:2      | Reached XP level 4. HP: 15/36 MP: 7/7
  1801 | D:2      | Found a basalt altar of Yredelemnul.
  1920 | D:3      | Found an iron altar of Okawaru.
  1928 | D:3      | Became a worshipper of Warmaster Okawaru
  1955 | D:3      | Found a faded altar of an unknown god.
  2134 | D:3      | Found a shadowy altar of Dithmenos.
  2399 | D:3      | Reached skill level 5 in Long Blades
  2529 | D:3      | Found a white marble altar of Elyvilon.
  2529 | D:3      | Found a faded altar of an unknown god.
  2538 | D:3      | Found an ancient bone altar of Kikubaaqudgha.
  2549 | D:3      | Found a faded altar of an unknown god.
  2555 | D:3      | Found a glowing golden altar of the Shining One.
  2905 | D:3      | Reached XP level 5. HP: 13/41 MP: 4/8
  3124 | D:3      | Learned a level 3 spell: Spectral Weapon
  3128 | D:3      | Learned a level 3 spell: Regeneration
  3412 | D:4      | Reached skill level 6 in Long Blades
  3608 | D:4      | Noticed Natasha
  4074 | D:4      | Killed Natasha
  4097 | D:4      | Noticed Natasha
  4110 | D:4      | Killed Natasha
  4110 | D:4      | Reached XP level 6. HP: 33/48 MP: 6/9
  4784 | D:4      | Reached skill level 7 in Long Blades
  4875 | D:4      | Noticed an ice beast
  4886 | D:4      | Killed an ice beast
  4886 | D:4      | Reached * piety under Okawaru
  4947 | D:4      | Noticed Natasha
  4959 | D:4      | Killed Natasha
  5080 | D:5      | Entered Level 5 of the Dungeon
  5103 | D:5      | Your scales start taking on a rich purple colour.
  5103 | D:5      | Reached XP level 7. HP: 31/55 MP: 10/10
  5932 | D:5      | Noticed Pikel
  5980 | D:4      | Splashed by Pikel's acid

Levels and vault maps discovered:
D:1:      dpeg_arrival_ratfight, layout_loops_ring, minmay_pentomino_v4
D:2:      cheibrodos_greedy_goblins, layout_basic, yredelemnul_altar_generic
D:3:      layout_loops_corners, okawaru_ov_weapons_minmay,
          chequers_temple_overflow_minitemple,
          chequers_ecumenical_altar_simple_redux, grunt_dithmenos_smoke
D:4:      layout_gridville, uniq_natasha
D:5:      layout_basic, first_ration, uniq_pikel

Skill      XL: |  1  2  3  4  5  6 |
---------------+-------------------+-----
Long Blades    | 3 4 5 6 7 |  7.8
Charms         | 3 |  3.2
Fighting       | |  2.1
Dodging        | |  2.1
Spellcasting   | |  2.4

Action                   |  1- 3 |  4- 6 |  7- 9 || total
-------------------------+-------+-------+-------++-------
Melee: Falchion          |   155 |   241 |    33 ||   429
       Tailslap          |    16 |    28 |     7 ||    51
       Hunting sling     |     2 |       |       ||     2
 Fire: Hunting sling     |    10 |       |       ||    10
Throw: Dart              |     1 |     7 |       ||     8
       Boomerang         |       |     3 |       ||     3
 Cast: Infusion          |     1 |     2 |       ||     3
       Spectral Weapon   |       |     5 |     1 ||     6
  Use: Scroll            |       |     4 |       ||     4
       Potion            |       |     1 |       ||     1
  Eat: Chunk             |     2 |    10 |     2 ||    14
       Ration            |       |     1 |       ||     1
Armor: Skin              |    52 |    75 |    14 ||   141
Dodge: Dodged            |   126 |   139 |    12 ||   277
Block: Buckler           |       |    32 |     6 ||    38
       Rpst.: Falchion   |    42 |    42 |     3 ||    87

Table legend:
 A = Non-vault XP
 B = Vault XP
 C = Vault XP percentage of total XP
 D = Non-vault monster count
 E = Vault monster count
 F = Vault count percentage of total count
                 A         B        C        D         E       F
            +---------+---------+-------+---------+---------+-------
      Total |     723 |      58 |   7.4 |      90 |      13 |  12.6
            +---------+---------+-------+---------+---------+-------
        D:1 |      34 |       5 |  12.8 |      21 |       3 |  12.5
        D:2 |      62 |      18 |  22.5 |      26 |       9 |  25.7
        D:3 |     175 |       0 |   0.0 |      20 |       0 |   0.0
        D:4 |     377 |      35 |   8.5 |      20 |       1 |   4.8
        D:5 |      75 |       0 |   0.0 |       3 |       0 |   0.0
            +---------+---------+-------+---------+---------+-------
